Login

Phantoms vs Apsos

Created - November 12, 2023 at 12:05

Goals
1 2 3 OT1 T
Phantoms 0 0 2 1 3
Apsos 0 1 1 0 2
Shots
1 2 3 OT1 T
Phantoms 12 7 12 1 32
Apsos 6 9 10 1 26

GoalsPenalties
1st period
No Goal
Jamie Oleksiak (LHA) for Tripping (Minor) at 0:15
Jamie Oleksiak (LHA) for Hooking (Minor) at 5:26
Moxie Manslammer (LHA) for Interference (Minor) at 9:21
Nick Bjugstad (LHA) for Hooking (Minor) at 12:11
Devon Toews (LIS) for Hooking (Minor) at 12:11
TJ Brodie (LHA) for Holding (Minor) at 18:25
2nd period
1. Apsos , Pavel Buchnevich 7 (Chris Kreider 6, Dmitry Kulikov 3) at 9:05 (PP)
Nick Bjugstad (LHA) for Tripping (Minor) at 1:13
Gustav Forsling (LHA) for Slashing (Minor) at 3:32
Matthew Tkachuk (LIS) for Interference (Minor) at 8:03
3rd period
2. Apsos , Pavel Buchnevich 8 (Jamie Oleksiak 7, Moxie Manslammer 6) at 2:37 (PP)
3. Phantoms , Devon Toews 2 (Kevin Hayes 6, Brady Tkachuk 5) at 5:14 (PP)
4. Phantoms , Jesper Bratt 2 (Matthew Tkachuk 5, Todd Harkness 7) at 13:16
Matthew Tkachuk (LIS) for Interference (Minor) at 2:09
Phillip Danault (LHA) for Slashing (Minor) at 3:17
Overtime #1
5. Phantoms , Matthew Tkachuk 5 (Jesper Bratt 4, Travis Hamonic 4) at 1:42
No Penalty
Goalie Stats
Pheonix Copley (LIS), 24 saves from 26 shots - (0.923), W, 5-5-2, 61:43 minutes
Alexandar Georgiev (LHA), 29 saves from 32 shots - (0.906), OTL, 7-5-2, 61:43 minutes
3 StarsOfficial
1 - Jesper Bratt (LIS)
2 - Pavel Buchnevich (LHA)
3 - Matthew Tkachuk (LIS)
Referees : Unknown
Linesman : Unknown
Game Note
No Game Note
Finance
Level 1 -- Attendance: 4297 (71.62%) -- Ticket Income $429,700
Level 2 -- Attendance: 3883 (77.66%) -- Ticket Income $232,980
Level 3 -- Attendance: 1523 (76.15%) -- Ticket Income $53,305
Level 4 -- Attendance: 2873 (71.83%) -- Ticket Income $71,825
Luxury Box -- Attendance: 902 (90.20%) -- Ticket Income $180,400
Game was played at the Yak Dome.
Total Attendance: 13478 (74.88%)
Total Ticket Income: $968,210
Other Income: $387,284
Total Income: $1,355,494



Team Name Goals Shots Shots Attemp Shots Blocked PIM HIT PP PK FO%
Phantoms 3325736161 / 7 (14%)243%
Apsos 22658516192 / 2 (100%)157%

Phantoms
Player Name POS G A P +/- PIM HIT SHT SB MP PP MP PP SHT PK MP PK SHT FO% FOT
Alexis LafreniereLW/RW000001005:090:0000:0000% 0
Andrew MangiapaneLW/RW0000002013:270:0000:5800% 4
Brady TkachukLW0110042021:466:2410:10067% 3
Brayden PointC0001015021:547:2721:08042% 26
Brian DumoulinD0000010013:050:0000:0000% 0
Devon ToewsD1010211021:206:4711:0600% 0
Dominik KubalikLW/RW0000021013:150:0000:120100% 1
Eetu LuostarinenC/LW000000005:090:0000:00060% 10
Ilya LyubushkinD000001005:260:0000:0000% 0
Jared McCannC/LW0000001113:250:0000:22025% 12
Jesper BrattLW/RW1122001020:567:2700:100100% 1
Kevin HayesC/LW/RW0110003019:416:2410:0000% 1
Matthew TkachukLW/RW1122428025:327:2740:00033% 3
Michael AndersonD0000010112:310:0000:0000% 0
Scott MayfieldD0000011122:276:4701:0600% 0
Sebastian AhoC0000004019:416:2410:00046% 26
Todd HarknessD0111002026:047:0420:2400% 0
Travis HamonicD0112011020:497:0410:2400% 0
Apsos
Player Name POS G A P +/- PIM HIT SHT SB MP PP MP PP SHT PK MP PK SHT FO% FOT
Adam LarssonD000-2032123:121:1017:2800% 0
Brett HowdenC/LW/RW0000011010:560:0000:0000% 0
Chris KreiderLW/RW011-1015020:420:4815:4700% 3
Dmitry KulikovD0110011120:500:2006:2300% 0
Evgeny KuznetsovC000000008:040:0000:43050% 6
Gustav ForslingD0000211013:340:0002:0900% 0
Jack JohnsonD0000000120:500:2006:2300% 0
Jakub VranaLW000-1001013:310:4200:0000% 0
Jamie OleksiakD011-1420120:521:1005:1300% 0
Joel Eriksson EkC000-2010021:320:4205:41060% 35
Marcus PetterssonD0000010011:260:0000:0000% 0
Matt RoyD000002005:250:0000:0000% 0
Mike HoffmanLW/RW0000001011:150:0002:3600% 2
Moxie ManslammerC/LW0110224021:000:4806:43058% 24
Nick BjugstadC/RW000-1423024:460:4206:120100% 3
Pavel BuchnevichLW/RW2020016023:170:4820:00033% 3
Phillip DanaultC0000201012:290:0000:00073% 11
TJ BrodieD000021015:300:0000:0600% 0

Phantoms

5 vs 5 Forward
Line #Left WingCenterRight WingPHYDFOFWanted %Time %Time Play
1Matthew TkachukBrayden PointJesper Bratt1223028%11:45
2Brady TkachukSebastian AhoKevin Hayes1222831%13:17
3Dominik KubalikJared McCannAndrew Mangiapane1222629%12:29
4Alexis LafreniereEetu LuostarinenMatthew Tkachuk1221612%5:09
5 vs 5 Defense
Line #DefenseDefensePHYDFOFWanted %Time %Time Play
1Todd HarknessTravis Hamonic1223029%12:19
2Scott MayfieldDevon Toews1222832%13:28
3Brian DumoulinMichael Anderson1222628%11:59
4Ilya LyubushkinTodd Harkness1221611%4:54
Power Play Forward
Line #Left WingCenterRight WingPHYDFOFWanted %Time %Time Play
1Matthew TkachukBrayden PointJesper Bratt1225554%7:27
2Brady TkachukSebastian AhoKevin Hayes1224546%6:24
Power Play Defense
Line #DefenseDefensePHYDFOFWanted %Time %Time Play
1Todd HarknessTravis Hamonic1225551%7:04
2Scott MayfieldDevon Toews1224549%6:47
Penalty Kill 4 Players Forward
Line #CenterWingPHYDFOFWanted %Time %Time Play
1Matthew TkachukBrayden Point1225589%1:20
2Brady TkachukJesper Bratt1224511%0:10
Penalty Kill 4 Players Defense
Line #DefenseDefensePHYDFOFWanted %Time %Time Play
1Todd HarknessTravis Hamonic1225527%0:24
2Scott MayfieldDevon Toews1224573%1:06
Penalty Kill 3 Players
Line #WingPHYDFOFWanted %Time %Time PlayDefenseDefensePHYDFOFWanted %Time %Time Play
1Matthew Tkachuk122550%0:00 Todd HarknessTravis Hamonic122550%0:00
2Brayden Point122450%0:00 Scott MayfieldDevon Toews122450%0:00
4 vs 4 Forward
Line #CenterWingPHYDFOFWanted %Time %Time Play
1Matthew TkachukBrayden Point1225555%1:06
2Brady TkachukJesper Bratt1224545%0:53
4 vs 4 Defense
Line #DefensePHYDFOFWanted %Time %Time Play
1Todd HarknessTravis Hamonic1225518%55% - 0:21
2Scott MayfieldDevon Toews1224582%45% - 1:38
Last Minutes Offensive
Left WingCenterRight WingDefenseDefense
Matthew TkachukBrayden PointJesper BrattTodd HarknessTravis Hamonic
Last Minutes Defensive
Left WingCenterRight WingDefenseDefense
Matthew TkachukBrayden PointJesper BrattTodd HarknessTravis Hamonic
Time
Total ForwardTotal DefenseLast Minutes OffensiveLast Minutes Defensive
60:00 60:00 0:000:00
Extra Forwards
Normal PowerPlayPenalty Kill
Jared McCann, Dominik Kubalik, Andrew MangiapaneJared McCann, Dominik KubalikAndrew Mangiapane
Extra Defensemen
Normal PowerPlayPenalty Kill
Brian Dumoulin, Michael Anderson, Ilya LyubushkinBrian Dumoulin, Michael AndersonIlya Lyubushkin
Penalty Shots
Matthew Tkachuk, Brayden Point, Brady Tkachuk, Jesper Bratt, Sebastian Aho
Goalie
Pheonix Copley, Samuel Montembeault
Custom OT Lines Forwards
Matthew Tkachuk, Brayden Point, Brady Tkachuk, Jesper Bratt, Sebastian Aho, Jared McCann, Kevin Hayes, Dominik Kubalik, Andrew Mangiapane, Alexis Lafreniere
Custom OT Lines Defensemen
Todd Harkness, Travis Hamonic, Scott Mayfield, Devon Toews, Brian Dumoulin
Scratches
Vince Dunn (Healthy), Elvis Merzlikins (Healthy)

Apsos

5 vs 5 Forward
Line #Left WingCenterRight WingPHYDFOFWanted %Time %Time Play
1Pavel BuchnevichMoxie ManslammerChris Kreider1223027%11:34
2Jakub VranaJoel Eriksson EkNick Bjugstad1222830%12:49
3Pavel BuchnevichPhillip DanaultBrett Howden1222626%10:56
4Mike HoffmanEvgeny KuznetsovNick Bjugstad1221617%7:21
5 vs 5 Defense
Line #DefenseDefensePHYDFOFWanted %Time %Time Play
1Jamie OleksiakAdam Larsson1223030%12:54
2Dmitry KulikovJack Johnson1222830%12:55
3Marcus PetterssonGustav Forsling1222627%11:26
4TJ BrodieMatt Roy1221613%5:25
Power Play Forward
Line #Left WingCenterRight WingPHYDFOFWanted %Time %Time Play
1Pavel BuchnevichMoxie ManslammerChris Kreider1225553%0:48
2Jakub VranaJoel Eriksson EkNick Bjugstad1224547%0:42
Power Play Defense
Line #DefenseDefensePHYDFOFWanted %Time %Time Play
1Jamie OleksiakAdam Larsson1225578%1:10
2Dmitry KulikovJack Johnson1224522%0:20
Penalty Kill 4 Players Forward
Line #CenterWingPHYDFOFWanted %Time %Time Play
1Moxie ManslammerNick Bjugstad1225558%8:04
2Joel Eriksson EkChris Kreider1224542%5:47
Penalty Kill 4 Players Defense
Line #DefenseDefensePHYDFOFWanted %Time %Time Play
1Jamie OleksiakAdam Larsson1225554%7:28
2Dmitry KulikovJack Johnson1224546%6:23
Penalty Kill 3 Players
Line #WingPHYDFOFWanted %Time %Time PlayDefenseDefensePHYDFOFWanted %Time %Time Play
1Joel Eriksson Ek122550%0:00 Jamie OleksiakAdam Larsson122550%0:00
2Moxie Manslammer122450%0:00 Dmitry KulikovJack Johnson122450%0:00
4 vs 4 Forward
Line #CenterWingPHYDFOFWanted %Time %Time Play
1Moxie ManslammerPavel Buchnevich1225539%0:47
2Joel Eriksson EkChris Kreider1224561%1:12
4 vs 4 Defense
Line #DefensePHYDFOFWanted %Time %Time Play
1Jamie OleksiakAdam Larsson1225539%55% - 0:47
2Dmitry KulikovJack Johnson1224561%45% - 1:12
Last Minutes Offensive
Left WingCenterRight WingDefenseDefense
Chris KreiderMoxie ManslammerPavel BuchnevichJamie OleksiakAdam Larsson
Last Minutes Defensive
Left WingCenterRight WingDefenseDefense
Nick BjugstadMoxie ManslammerJoel Eriksson EkJamie OleksiakAdam Larsson
Time
Total ForwardTotal DefenseLast Minutes OffensiveLast Minutes Defensive
60:00 60:00 0:000:00
Extra Forwards
Normal PowerPlayPenalty Kill
Joel Eriksson Ek, Phillip Danault, Mike HoffmanJoel Eriksson Ek, Phillip DanaultMike Hoffman
Extra Defensemen
Normal PowerPlayPenalty Kill
Adam Larsson, Gustav Forsling, Jamie OleksiakTJ Brodie, Gustav ForslingAdam Larsson
Penalty Shots
Pavel Buchnevich, Moxie Manslammer, Evgeny Kuznetsov, Joel Eriksson Ek, Nick Bjugstad
Goalie
Alexandar Georgiev, Connor Ingram
Custom OT Lines Forwards
Moxie Manslammer, Pavel Buchnevich, Joel Eriksson Ek, Chris Kreider, Jakub Vrana, Evgeny Kuznetsov, Nick Bjugstad, Mike Hoffman, Phillip Danault, Brett Howden
Custom OT Lines Defensemen
Jamie Oleksiak, Adam Larsson, Dmitry Kulikov, Gustav Forsling, Jack Johnson
Scratches
Kasperi Kapanen (Healthy), Ryan Donato (Healthy), Kaapo Kahkonen (Healthy)


Play-by-Play

1st period


0:01 of 1st period - Brayden Point wins face-off versus Moxie Manslammer in neutral zone.
0:11 of 1st period - Brayden Point is hit by Adam Larsson and loses puck.
0:15 of 1st period - Minor Penalty to Jamie Oleksiak for Tripping.
0:16 of 1st period - Sebastian Aho wins face-off versus Moxie Manslammer in Apsos zone.
0:21 of 1st period - Shot by Kevin Hayes.
0:21 of 1st period - Stopped by Alexandar Georgiev without a rebound.
0:22 of 1st period - Brayden Point wins face-off versus Joel Eriksson Ek in Apsos zone.
0:29 of 1st period - Shot by Travis Hamonic.
0:29 of 1st period - Shot Misses the Net.
0:55 of 1st period - Shot by Jesper Bratt.
0:55 of 1st period - Shot Misses the Net.
0:57 of 1st period - Shot by Travis Hamonic.
0:57 of 1st period - Deflect By Matthew Tkachuk.
0:57 of 1st period - Stopped by Alexandar Georgiev without a rebound.
0:58 of 1st period - Joel Eriksson Ek wins face-off versus Kevin Hayes in Apsos zone.
1:31 of 1st period - Jack Johnson is hit by Brady Tkachuk and loses puck.
2:00 of 1st period - Shot by Matthew Tkachuk.
2:00 of 1st period - Shot Hit the Post.
2:02 of 1st period - Shot by Todd Harkness.
2:02 of 1st period - Shot Misses the Net.
2:31 of 1st period - Shot by Pavel Buchnevich.
2:31 of 1st period - Stopped by Pheonix Copley with a rebound.
2:41 of 1st period - Shot by Brett Howden.
2:41 of 1st period - Shot Hit the Post.
2:43 of 1st period - Shot by Brett Howden.
2:43 of 1st period - Shot Hit the Post.
2:46 of 1st period - Brett Howden is hit by Brian Dumoulin and loses puck.
2:51 of 1st period - Shot by Pavel Buchnevich.
2:51 of 1st period - Shot Misses the Net.
3:46 of 1st period - Pavel Buchnevich is hit by Alexis Lafreniere and loses puck.
4:05 of 1st period - Shot by Kevin Hayes.
4:05 of 1st period - Shot Misses the Net.
4:19 of 1st period - Shot by Sebastian Aho.
4:19 of 1st period - Stopped by Alexandar Georgiev without a rebound.
4:20 of 1st period - Joel Eriksson Ek wins face-off versus Brayden Point in Apsos zone.
4:22 of 1st period - Icing by Nick Bjugstad.
4:23 of 1st period - Joel Eriksson Ek wins face-off versus Jared McCann in Apsos zone.
4:44 of 1st period - Shot by Jared McCann.
4:44 of 1st period - Deflect By Dominik Kubalik.
4:44 of 1st period - Stopped by Alexandar Georgiev without a rebound.
4:45 of 1st period - Phillip Danault wins face-off versus Sebastian Aho in Apsos zone.
4:50 of 1st period - Shot by Jack Johnson.
4:50 of 1st period - Shot Misses the Net.
5:17 of 1st period - Shot by Phillip Danault.
5:17 of 1st period - Stopped by Pheonix Copley without a rebound.
5:18 of 1st period - Joel Eriksson Ek wins face-off versus Brayden Point in Phantoms zone.
5:26 of 1st period - Minor Penalty to Jamie Oleksiak for Hooking.
5:27 of 1st period - Moxie Manslammer wins face-off versus Brayden Point in Apsos zone.
5:43 of 1st period - Icing by Devon Toews.
5:44 of 1st period - Brayden Point wins face-off versus Joel Eriksson Ek in Phantoms zone.
5:44 of 1st period - Brayden Point is hit by Joel Eriksson Ek.
6:13 of 1st period - Shot by Brayden Point.
6:13 of 1st period - Stopped by Alexandar Georgiev with a rebound.
6:15 of 1st period - Shot by Jesper Bratt.
6:15 of 1st period - Deflect By Matthew Tkachuk.
6:15 of 1st period - Stopped by Alexandar Georgiev without a rebound.
6:16 of 1st period - Joel Eriksson Ek wins face-off versus Sebastian Aho in Apsos zone.
6:16 of 1st period - Chris Kreider is hit by Brady Tkachuk and loses puck.
6:28 of 1st period - Icing by Todd Harkness.
6:29 of 1st period - Sebastian Aho wins face-off versus Moxie Manslammer in Phantoms zone.
6:53 of 1st period - Shot by Brady Tkachuk.
6:53 of 1st period - Deflect By Sebastian Aho.
6:53 of 1st period - Shot Misses the Net.
6:55 of 1st period - Shot by Brady Tkachuk.
6:55 of 1st period - Stopped by Alexandar Georgiev without a rebound.
6:56 of 1st period - Moxie Manslammer wins face-off versus Matthew Tkachuk in Apsos zone.
7:02 of 1st period - Icing by Scott Mayfield.
7:03 of 1st period - Nick Bjugstad wins face-off versus Brayden Point in Phantoms zone.
7:15 of 1st period - Shot by Brayden Point.
7:15 of 1st period - Stopped by Alexandar Georgiev without a rebound.
7:16 of 1st period - Sebastian Aho wins face-off versus Chris Kreider in Apsos zone.
7:19 of 1st period - Shot by Sebastian Aho.
7:19 of 1st period - Shot Misses the Net.
7:21 of 1st period - Shot by Travis Hamonic.
7:21 of 1st period - Stopped by Alexandar Georgiev without a rebound.
7:22 of 1st period - Moxie Manslammer wins face-off versus Brayden Point in Apsos zone.
7:50 of 1st period - Shot by Pavel Buchnevich.
7:50 of 1st period - Stopped by Pheonix Copley without a rebound.
7:51 of 1st period - Brayden Point wins face-off versus Joel Eriksson Ek in Phantoms zone.
9:17 of 1st period - Chris Kreider is hit by Scott Mayfield and loses puck.
9:21 of 1st period - Minor Penalty to Moxie Manslammer for Interference.
9:22 of 1st period - Sebastian Aho wins face-off versus Mike Hoffman in Apsos zone.
9:50 of 1st period - Shot by Nick Bjugstad.
9:50 of 1st period - Shot Misses the Net.
10:31 of 1st period - Shot by Jesper Bratt.
10:31 of 1st period - Shot Misses the Net.
11:07 of 1st period - Jack Johnson is hit by Matthew Tkachuk and loses puck.
11:57 of 1st period - Shot by Andrew Mangiapane.
11:57 of 1st period - Stopped by Alexandar Georgiev without a rebound.
11:58 of 1st period - Joel Eriksson Ek wins face-off versus Sebastian Aho in Apsos zone.
11:58 of 1st period - Joel Eriksson Ek is hit by Brady Tkachuk.
12:11 of 1st period - Minor Penalty to Nick Bjugstad for Hooking.
12:11 of 1st period - Minor Penalty to Devon Toews for Hooking.
12:12 of 1st period - Moxie Manslammer wins face-off versus Jared McCann in Phantoms zone.
13:05 of 1st period - Shot by Brayden Point.
13:05 of 1st period - Shot Blocked by Dmitry Kulikov.
13:17 of 1st period - Shot by Chris Kreider.
13:17 of 1st period - Stopped by Pheonix Copley without a rebound.
13:18 of 1st period - Brady Tkachuk wins face-off versus Joel Eriksson Ek in Phantoms zone.
13:38 of 1st period - Icing by Dmitry Kulikov.
13:39 of 1st period - Brady Tkachuk wins face-off versus Joel Eriksson Ek in Apsos zone.
13:40 of 1st period - Shot by Scott Mayfield.
13:40 of 1st period - Stopped by Alexandar Georgiev with a rebound.
14:45 of 1st period - Icing by Dominik Kubalik.
14:46 of 1st period - Phillip Danault wins face-off versus Jared McCann in Phantoms zone.
14:47 of 1st period - Shot by Pavel Buchnevich.
14:47 of 1st period - Shot Misses the Net.
14:49 of 1st period - Shot by Brett Howden.
14:49 of 1st period - Stopped by Pheonix Copley without a rebound.
14:50 of 1st period - Phillip Danault wins face-off versus Eetu Luostarinen in Phantoms zone.
14:51 of 1st period - Shot by Pavel Buchnevich.
14:51 of 1st period - Stopped by Pheonix Copley without a rebound.
14:52 of 1st period - Phillip Danault wins face-off versus Brady Tkachuk in Phantoms zone.
14:59 of 1st period - Shot by Brett Howden.
14:59 of 1st period - Shot Misses the Net.
15:02 of 1st period - Icing by Devon Toews.
15:03 of 1st period - Sebastian Aho wins face-off versus Joel Eriksson Ek in Phantoms zone.
16:14 of 1st period - Shot by Matthew Tkachuk.
16:14 of 1st period - Deflect By Brayden Point.
16:14 of 1st period - Shot Misses the Net.
16:16 of 1st period - Shot by Matthew Tkachuk.
16:16 of 1st period - Shot Misses the Net.
16:18 of 1st period - Shot by Jesper Bratt.
16:18 of 1st period - Shot Blocked by Jamie Oleksiak.
16:20 of 1st period - Shot by Jesper Bratt.
16:20 of 1st period - Shot Misses the Net.
17:51 of 1st period - Shot by Sebastian Aho.
17:51 of 1st period - Stopped by Alexandar Georgiev without a rebound.
17:52 of 1st period - Eetu Luostarinen wins face-off versus Joel Eriksson Ek in Apsos zone.
17:52 of 1st period - Eetu Luostarinen is hit by Matt Roy.
18:03 of 1st period - Alexis Lafreniere is hit by TJ Brodie.
18:14 of 1st period - Eetu Luostarinen is hit by Matt Roy.
18:25 of 1st period - Minor Penalty to TJ Brodie for Holding.
18:26 of 1st period - Sebastian Aho wins face-off versus Moxie Manslammer in Apsos zone.
Goals for this period are 0 for Phantoms vs 0 for Apsos.
Shots for this period are 12 for Phantoms vs 6 for Apsos.
0:00 of 2nd period - Icing by Todd Harkness.

2nd period


0:01 of 2nd period - Moxie Manslammer wins face-off versus Brayden Point in neutral zone.
0:14 of 2nd period - Shot by Matthew Tkachuk.
0:14 of 2nd period - Stopped by Alexandar Georgiev without a rebound.
0:15 of 2nd period - Joel Eriksson Ek wins face-off versus Sebastian Aho in Apsos zone.
1:13 of 2nd period - Minor Penalty to Nick Bjugstad for Tripping.
1:14 of 2nd period - Moxie Manslammer wins face-off versus Brayden Point in Apsos zone.
1:54 of 2nd period - Shot by Todd Harkness.
1:54 of 2nd period - Stopped by Alexandar Georgiev without a rebound.
1:55 of 2nd period - Sebastian Aho wins face-off versus Joel Eriksson Ek in Apsos zone.
3:00 of 2nd period - Shot by Todd Harkness.
3:00 of 2nd period - Shot Misses the Net.
3:02 of 2nd period - Shot by Matthew Tkachuk.
3:02 of 2nd period - Stopped by Alexandar Georgiev without a rebound.
3:03 of 2nd period - Brayden Point wins face-off versus Joel Eriksson Ek in Apsos zone.
3:32 of 2nd period - Minor Penalty to Gustav Forsling for Slashing.
3:33 of 2nd period - Joel Eriksson Ek wins face-off versus Sebastian Aho in Apsos zone.
3:39 of 2nd period - Icing by Devon Toews.
3:40 of 2nd period - Joel Eriksson Ek wins face-off versus Sebastian Aho in Phantoms zone.
4:24 of 2nd period - Sebastian Aho is hit by Moxie Manslammer and loses puck.
4:44 of 2nd period - Jesper Bratt is hit by Nick Bjugstad and loses puck.
5:20 of 2nd period - Todd Harkness is hit by Chris Kreider and loses puck.
5:45 of 2nd period - Shot by Jared McCann.
5:45 of 2nd period - Shot Misses the Net.
5:51 of 2nd period - Shot by Jared McCann.
5:51 of 2nd period - Stopped by Alexandar Georgiev without a rebound.
5:52 of 2nd period - Eetu Luostarinen wins face-off versus Evgeny Kuznetsov in Apsos zone.
6:43 of 2nd period - Shot by Pavel Buchnevich.
6:43 of 2nd period - Stopped by Pheonix Copley without a rebound.
6:44 of 2nd period - Moxie Manslammer wins face-off versus Sebastian Aho in Phantoms zone.
6:51 of 2nd period - Shot by Moxie Manslammer.
6:51 of 2nd period - Stopped by Pheonix Copley without a rebound.
6:52 of 2nd period - Pavel Buchnevich wins face-off versus Sebastian Aho in Phantoms zone.
7:09 of 2nd period - Todd Harkness is hit by Dmitry Kulikov and loses puck.
7:55 of 2nd period - Off-side.
7:56 of 2nd period - Brayden Point wins face-off versus Evgeny Kuznetsov in neutral zone.
8:03 of 2nd period - Minor Penalty to Matthew Tkachuk for Interference.
8:04 of 2nd period - Nick Bjugstad wins face-off versus Andrew Mangiapane in Phantoms zone.
8:09 of 2nd period - Shot by Adam Larsson.
8:09 of 2nd period - Shot Misses the Net.
8:11 of 2nd period - Shot by Nick Bjugstad.
8:11 of 2nd period - Shot Misses the Net.
8:13 of 2nd period - Shot by Adam Larsson.
8:13 of 2nd period - Stopped by Pheonix Copley with a rebound.
9:01 of 2nd period - Shot by Dmitry Kulikov.
9:01 of 2nd period - Shot Misses the Net.
9:03 of 2nd period - Shot by Chris Kreider.
9:03 of 2nd period - Shot Blocked by Jared McCann.
9:05 of 2nd period - Shot by Chris Kreider.
9:05 of 2nd period - Deflect By Pavel Buchnevich.
9:05 of 2nd period - Goal by Pavel Buchnevich - Phantoms : 0 - Apsos : 1.
9:06 of 2nd period - Phillip Danault wins face-off versus Eetu Luostarinen in neutral zone.
9:58 of 2nd period - Icing by Brian Dumoulin.
9:59 of 2nd period - Eetu Luostarinen wins face-off versus Joel Eriksson Ek in Phantoms zone.
10:20 of 2nd period - Shot by Joel Eriksson Ek.
10:20 of 2nd period - Shot Misses the Net.
10:22 of 2nd period - Shot by Adam Larsson.
10:22 of 2nd period - Shot Misses the Net.
10:24 of 2nd period - Shot by Adam Larsson.
10:24 of 2nd period - Stopped by Pheonix Copley without a rebound.
10:25 of 2nd period - Jared McCann wins face-off versus Chris Kreider in Phantoms zone.
10:25 of 2nd period - Andrew Mangiapane is hit by Moxie Manslammer and loses puck.
11:20 of 2nd period - Dmitry Kulikov is hit by Dominik Kubalik and loses puck.
11:37 of 2nd period - Shot by Sebastian Aho.
11:37 of 2nd period - Stopped by Alexandar Georgiev without a rebound.
11:38 of 2nd period - Joel Eriksson Ek wins face-off versus Brayden Point in Apsos zone.
11:38 of 2nd period - Joel Eriksson Ek is hit by Brayden Point.
11:55 of 2nd period - Matthew Tkachuk is hit by Adam Larsson and loses puck.
12:19 of 2nd period - Jakub Vrana is hit by Michael Anderson and loses puck.
12:57 of 2nd period - Shot by Kevin Hayes.
12:57 of 2nd period - Stopped by Alexandar Georgiev without a rebound.
12:58 of 2nd period - Jared McCann wins face-off versus Phillip Danault in Apsos zone.
13:12 of 2nd period - Shot by Phillip Danault.
13:12 of 2nd period - Shot Misses the Net.
13:14 of 2nd period - Shot by Matt Roy.
13:14 of 2nd period - Shot Hit the Post.
13:16 of 2nd period - Shot by Brett Howden.
13:16 of 2nd period - Shot Misses the Net.
13:51 of 2nd period - Shot by Nick Bjugstad.
13:51 of 2nd period - Shot Misses the Net.
13:53 of 2nd period - Shot by Dmitry Kulikov.
13:53 of 2nd period - Shot Misses the Net.
13:55 of 2nd period - Shot by Dmitry Kulikov.
13:55 of 2nd period - Shot Hit the Post.
13:57 of 2nd period - Shot by Nick Bjugstad.
13:57 of 2nd period - Stopped by Pheonix Copley with a rebound.
13:59 of 2nd period - Shot by Nick Bjugstad.
13:59 of 2nd period - Stopped by Pheonix Copley without a rebound.
14:00 of 2nd period - Moxie Manslammer wins face-off versus Brayden Point in Phantoms zone.
14:11 of 2nd period - Shot by Moxie Manslammer.
14:11 of 2nd period - Stopped by Pheonix Copley with a rebound.
14:13 of 2nd period - Shot by Adam Larsson.
14:13 of 2nd period - Shot Misses the Net.
14:29 of 2nd period - Shot by Matthew Tkachuk.
14:29 of 2nd period - Stopped by Alexandar Georgiev without a rebound.
14:30 of 2nd period - Joel Eriksson Ek wins face-off versus Sebastian Aho in Apsos zone.
15:00 of 2nd period - Icing by Brian Dumoulin.
15:01 of 2nd period - Sebastian Aho wins face-off versus Moxie Manslammer in Phantoms zone.
15:22 of 2nd period - Shot by Moxie Manslammer.
15:22 of 2nd period - Shot Misses the Net.
16:03 of 2nd period - Icing by Dmitry Kulikov.
16:04 of 2nd period - Brayden Point wins face-off versus Evgeny Kuznetsov in Apsos zone.
16:27 of 2nd period - Icing by Jack Johnson.
16:28 of 2nd period - Evgeny Kuznetsov wins face-off versus Andrew Mangiapane in Apsos zone.
16:54 of 2nd period - Pavel Buchnevich is hit by Devon Toews.
17:05 of 2nd period - Andrew Mangiapane is hit by Jamie Oleksiak and loses puck.
18:54 of 2nd period - Shot by Brian Dumoulin.
18:54 of 2nd period - Shot Misses the Net.
19:45 of 2nd period - Shot by Chris Kreider.
19:45 of 2nd period - Shot Misses the Net.
19:47 of 2nd period - Shot by Chris Kreider.
19:47 of 2nd period - Stopped by Pheonix Copley without a rebound.
19:48 of 2nd period - Moxie Manslammer wins face-off versus Eetu Luostarinen in Phantoms zone.
Goals for this period are 0 for Phantoms vs 1 for Apsos.
Shots for this period are 7 for Phantoms vs 9 for Apsos.

3rd period


0:01 of 3rd period - Matthew Tkachuk wins face-off versus Moxie Manslammer in neutral zone.
0:09 of 3rd period - Brayden Point is hit by Jamie Oleksiak and loses puck.
0:22 of 3rd period - Shot by Brayden Point.
0:22 of 3rd period - Stopped by Alexandar Georgiev without a rebound.
0:23 of 3rd period - Joel Eriksson Ek wins face-off versus Sebastian Aho in Apsos zone.
0:42 of 3rd period - Icing by Devon Toews.
0:43 of 3rd period - Sebastian Aho wins face-off versus Moxie Manslammer in Phantoms zone.
0:56 of 3rd period - Shot by Kevin Hayes.
0:56 of 3rd period - Shot Misses the Net.
1:36 of 3rd period - Icing by Todd Harkness.
1:37 of 3rd period - Brayden Point wins face-off versus Joel Eriksson Ek in Phantoms zone.
1:54 of 3rd period - Shot by Brayden Point.
1:54 of 3rd period - Stopped by Alexandar Georgiev with a rebound.
2:09 of 3rd period - Minor Penalty to Matthew Tkachuk for Interference.
2:10 of 3rd period - Moxie Manslammer wins face-off versus Andrew Mangiapane in Phantoms zone.
2:11 of 3rd period - Shot by Chris Kreider.
2:11 of 3rd period - Stopped by Pheonix Copley without a rebound.
2:12 of 3rd period - Moxie Manslammer wins face-off versus Andrew Mangiapane in Phantoms zone.
2:37 of 3rd period - Shot by Pavel Buchnevich.
2:37 of 3rd period - Goal by Pavel Buchnevich - Phantoms : 0 - Apsos : 2.
2:38 of 3rd period - Joel Eriksson Ek wins face-off versus Eetu Luostarinen in neutral zone.
3:03 of 3rd period - Shot by Matthew Tkachuk.
3:03 of 3rd period - Shot Blocked by Jack Johnson.
3:11 of 3rd period - Shot by Nick Bjugstad.
3:11 of 3rd period - Stopped by Pheonix Copley with a rebound.
3:13 of 3rd period - Shot by Joel Eriksson Ek.
3:13 of 3rd period - Shot Misses the Net.
3:15 of 3rd period - Shot by Dmitry Kulikov.
3:15 of 3rd period - Stopped by Pheonix Copley without a rebound.
3:16 of 3rd period - Sebastian Aho wins face-off versus Pavel Buchnevich in Phantoms zone.
3:16 of 3rd period - Sebastian Aho is hit by Brett Howden.
3:17 of 3rd period - Minor Penalty to Phillip Danault for Slashing.
3:18 of 3rd period - Sebastian Aho wins face-off versus Moxie Manslammer in Apsos zone.
3:52 of 3rd period - Shot by Sebastian Aho.
3:52 of 3rd period - Stopped by Alexandar Georgiev without a rebound.
3:53 of 3rd period - Joel Eriksson Ek wins face-off versus Brayden Point in Apsos zone.
4:31 of 3rd period - Shot by Todd Harkness.
4:31 of 3rd period - Stopped by Alexandar Georgiev without a rebound.
4:32 of 3rd period - Nick Bjugstad wins face-off versus Sebastian Aho in Apsos zone.
5:12 of 3rd period - Shot by Kevin Hayes.
5:12 of 3rd period - Shot Misses the Net.
5:14 of 3rd period - Shot by Devon Toews.
5:14 of 3rd period - Goal by Devon Toews - Phantoms : 1 - Apsos : 2.
5:15 of 3rd period - Eetu Luostarinen wins face-off versus Phillip Danault in neutral zone.
6:30 of 3rd period - Shot by Andrew Mangiapane.
6:30 of 3rd period - Stopped by Alexandar Georgiev without a rebound.
6:31 of 3rd period - Evgeny Kuznetsov wins face-off versus Sebastian Aho in Apsos zone.
7:29 of 3rd period - Off-side.
7:30 of 3rd period - Phillip Danault wins face-off versus Brayden Point in neutral zone.
7:34 of 3rd period - Icing by Travis Hamonic.
7:35 of 3rd period - Moxie Manslammer wins face-off versus Brayden Point in Phantoms zone.
7:58 of 3rd period - Shot by Chris Kreider.
7:58 of 3rd period - Shot Misses the Net.
8:04 of 3rd period - Shot by Moxie Manslammer.
8:04 of 3rd period - Shot Misses the Net.
8:06 of 3rd period - Shot by Chris Kreider.
8:06 of 3rd period - Shot Misses the Net.
8:08 of 3rd period - Shot by Moxie Manslammer.
8:08 of 3rd period - Stopped by Pheonix Copley without a rebound.
8:09 of 3rd period - Joel Eriksson Ek wins face-off versus Jared McCann in Phantoms zone.
8:23 of 3rd period - Shot by Jakub Vrana.
8:23 of 3rd period - Shot Misses the Net.
8:27 of 3rd period - Shot by Joel Eriksson Ek.
8:27 of 3rd period - Shot Blocked by Michael Anderson.
9:08 of 3rd period - Icing by Marcus Pettersson.
9:09 of 3rd period - Phillip Danault wins face-off versus Brayden Point in Apsos zone.
9:29 of 3rd period - Shot by Matthew Tkachuk.
9:29 of 3rd period - Shot Misses the Net.
9:51 of 3rd period - Matthew Tkachuk is hit by Gustav Forsling and loses puck.
10:08 of 3rd period - Sebastian Aho is hit by Marcus Pettersson and loses puck.
10:29 of 3rd period - Shot by Kevin Hayes.
10:29 of 3rd period - Stopped by Alexandar Georgiev without a rebound.
10:30 of 3rd period - Joel Eriksson Ek wins face-off versus Jared McCann in Apsos zone.
10:34 of 3rd period - Off-side.
10:35 of 3rd period - Eetu Luostarinen wins face-off versus Joel Eriksson Ek in neutral zone.
10:40 of 3rd period - Shot by Matthew Tkachuk.
10:40 of 3rd period - Stopped by Alexandar Georgiev without a rebound.
10:41 of 3rd period - Dominik Kubalik wins face-off versus Joel Eriksson Ek in Apsos zone.
11:44 of 3rd period - Adam Larsson is hit by Matthew Tkachuk and loses puck.
11:52 of 3rd period - Brayden Point is hit by Adam Larsson and loses puck.
12:01 of 3rd period - Shot by Brayden Point.
12:01 of 3rd period - Stopped by Alexandar Georgiev with a rebound.
12:06 of 3rd period - Icing by Jamie Oleksiak.
12:07 of 3rd period - Joel Eriksson Ek wins face-off versus Sebastian Aho in Apsos zone.
12:07 of 3rd period - Joel Eriksson Ek is hit by Brady Tkachuk.
12:54 of 3rd period - Icing by Joel Eriksson Ek.
12:55 of 3rd period - Jesper Bratt wins face-off versus Joel Eriksson Ek in Apsos zone.
13:04 of 3rd period - Shot by Matthew Tkachuk.
13:04 of 3rd period - Stopped by Alexandar Georgiev with a rebound.
13:06 of 3rd period - Shot by Matthew Tkachuk.
13:06 of 3rd period - Shot Misses the Net.
13:08 of 3rd period - Shot by Brayden Point.
13:08 of 3rd period - Shot Misses the Net.
13:14 of 3rd period - Shot by Matthew Tkachuk.
13:14 of 3rd period - Shot Blocked by Adam Larsson.
13:16 of 3rd period - Shot by Matthew Tkachuk.
13:16 of 3rd period - Deflect By Jesper Bratt.
13:16 of 3rd period - Goal by Jesper Bratt - Phantoms : 2 - Apsos : 2.
13:17 of 3rd period - Jared McCann wins face-off versus Moxie Manslammer in neutral zone.
13:31 of 3rd period - Icing by Pavel Buchnevich.
13:32 of 3rd period - Brayden Point wins face-off versus Pavel Buchnevich in Apsos zone.
14:00 of 3rd period - Chris Kreider is hit by Travis Hamonic and loses puck.
14:08 of 3rd period - Icing by Travis Hamonic.
14:09 of 3rd period - Phillip Danault wins face-off versus Brayden Point in Phantoms zone.
15:47 of 3rd period - Off-side.
15:48 of 3rd period - Moxie Manslammer wins face-off versus Jared McCann in neutral zone.
16:01 of 3rd period - Shot by Moxie Manslammer.
16:01 of 3rd period - Stopped by Pheonix Copley without a rebound.
16:02 of 3rd period - Moxie Manslammer wins face-off versus Brayden Point in Phantoms zone.
16:19 of 3rd period - Shot by Chris Kreider.
16:19 of 3rd period - Stopped by Pheonix Copley without a rebound.
16:20 of 3rd period - Evgeny Kuznetsov wins face-off versus Jared McCann in Phantoms zone.
16:41 of 3rd period - Shot by Jared McCann.
16:41 of 3rd period - Shot Blocked by TJ Brodie.
16:47 of 3rd period - Shot by Mike Hoffman.
16:47 of 3rd period - Stopped by Pheonix Copley without a rebound.
16:48 of 3rd period - Brayden Point wins face-off versus Phillip Danault in Phantoms zone.
17:53 of 3rd period - Shot by Brady Tkachuk.
17:53 of 3rd period - Stopped by Alexandar Georgiev without a rebound.
17:54 of 3rd period - Joel Eriksson Ek wins face-off versus Jared McCann in Apsos zone.
17:54 of 3rd period - Joel Eriksson Ek is hit by Dominik Kubalik.
17:57 of 3rd period - Icing by Gustav Forsling.
17:58 of 3rd period - Joel Eriksson Ek wins face-off versus Sebastian Aho in Apsos zone.
18:08 of 3rd period - Icing by Scott Mayfield.
18:09 of 3rd period - Sebastian Aho wins face-off versus Mike Hoffman in Phantoms zone.
18:09 of 3rd period - Sebastian Aho is hit by Nick Bjugstad.
18:45 of 3rd period - Shot by Nick Bjugstad.
18:45 of 3rd period - Shot Blocked by Scott Mayfield.
19:11 of 3rd period - Ilya Lyubushkin is hit by Pavel Buchnevich and loses puck.
19:17 of 3rd period - Pavel Buchnevich is hit by Ilya Lyubushkin and loses puck.
19:24 of 3rd period - Shot by Moxie Manslammer.
19:24 of 3rd period - Shot Misses the Net.
19:26 of 3rd period - Shot by Moxie Manslammer.
19:26 of 3rd period - Shot Misses the Net.
19:28 of 3rd period - Shot by Gustav Forsling.
19:28 of 3rd period - Stopped by Pheonix Copley without a rebound.
19:29 of 3rd period - Joel Eriksson Ek wins face-off versus Jared McCann in Phantoms zone.
19:44 of 3rd period - Shot by Jakub Vrana.
19:44 of 3rd period - Stopped by Pheonix Copley without a rebound.
19:45 of 3rd period - Eetu Luostarinen wins face-off versus Chris Kreider in Phantoms zone.
Goals for this period are 2 for Phantoms vs 1 for Apsos.
Shots for this period are 12 for Phantoms vs 10 for Apsos.

Overtime #1


0:01 of 1st overtime period - Brayden Point wins face-off versus Moxie Manslammer in neutral zone.
0:29 of 1st overtime period - Shot by Brayden Point.
0:29 of 1st overtime period - Shot Misses the Net.
1:13 of 1st overtime period - Shot by Chris Kreider.
1:13 of 1st overtime period - Stopped by Pheonix Copley without a rebound.
1:14 of 1st overtime period - Joel Eriksson Ek wins face-off versus Matthew Tkachuk in Phantoms zone.
1:17 of 1st overtime period - Shot by Chris Kreider.
1:17 of 1st overtime period - Shot Misses the Net.
1:42 of 1st overtime period - Shot by Matthew Tkachuk.
1:42 of 1st overtime period - Goal by Matthew Tkachuk - Phantoms : 3 - Apsos : 2.
Goals for this period are 1 for Phantoms vs 0 for Apsos.
Shots for this period are 1 for Phantoms vs 1 for Apsos.